 Dungeon Sprint DCSS version 0.17-a0-1078-g243345b (webtiles) character file.

1001 Trafet the Brawler (level 8, -24/68 HPs)
             Began as a Troll Transmuter on May 19, 2015.
             Was a Follower of Sif Muna.
             Annihilated by a shadow (30 damage)
             ... in the Dungeon (Sprint IX: "|||||||||||||||||||||||||||||").
             The game lasted 00:02:11 (330 turns).

Trafet the Brawler (Troll Transmuter)                Turns: 330, Time: 00:02:11

Health: -24/68     AC:  5    Str: 19    XL:     8   Next: 0%
Magic:  7/10       EV: 10    Int: 14    God:    Sif Muna [*.....]
Gold:   0          SH:  0    Dex: 13    Spells: 1 memorised, 11 levels left

rFire  . . .     SeeInvis .       - Unarmed
rCold  . . .     Clarity  .     b - +0 robe
rNeg   . . .     SustAb   .     (no shield)
rPois  .         Gourm    +     (helmet restricted)
rElec  .         Spirit   .     (no cloak)
rCorr  .         Warding  .     (gloves unavailable)
rMut   .         NoTele   +     (boots unavailable)
MR     .....                    (no amulet)
Stlth  +.........               p - +3 ring of intelligence
                                o - +3 ring of dexterity

@: not resistant to hostile enchantments, very unstealthy
A: unfitting armour, claws 3, fast metabolism 3, gourmand, regeneration 2,
shaggy fur 1, tough skin 2
a: Channel Energy, Renounce Religion


You were in the Dungeon.
You worshipped Sif Muna.
Sif Muna was aware of your devotion.
You were full.

You visited 1 branch

Inventory:

Missiles
 a - 32 arrows
Armour
 b - a +0 robe (worn)
Magical staves
 n - an uncursed staff of energy
Jewellery
 o - a +3 ring of dexterity (left claw)
 p - a +3 ring of intelligence (right claw)
Magical devices
 m - a wand of fire (7)
Scrolls
 j - 2 scrolls of blinking
 k - 3 scrolls of remove curse
 l - 2 scrolls of amnesia
Potions
 e - a potion of invisibility
 f - a potion of heal wounds
 g - 4 potions of curing
 h - 4 potions of magic
Books
 c - a book of Changes

   Spells                             Type                      Level
   a - Beastly Appendage              Transmutation                1
   b - Sticks to Snakes               Transmutation                2
   c - Spider Form                    Transmutation/Poison         3
   d - Ice Form                       Ice/Transmutation            4
   e - Blade Hands                    Transmutation                5
Comestibles
 d - 2 bread rations


   Skills:
 - Level 0.7 Fighting
 - Level 1.5 Dodging
 - Level 15.9 Unarmed Combat
 + Level 2.5 Spellcasting
 + Level 3.0 Transmutations


You had 11 spell levels left.
You knew the following spells:

 Your Spells              Type           Power        Failure   Level  Hunger
a - Beastly Appendage     Trmt           ##....       10%         1    #......


Dungeon Overview and Level Annotations

Branches:
Dungeon (1/1)

Altars:
Cheibriados
Dithmenos
Elyvilon
Fedhas
Gozag
Kikubaaqudgha
Makhleb
Nemelex Xobeh
Okawaru
Qazlal
Ru
Sif Muna
Trog
Vehumet
Xom
Yredelemnul
Zin
The Shining One
Beogh
Jiyva
Lugonu


Innate Abilities, Weirdness & Mutations

You are too large for most types of armour.
You have claws for hands.
Your metabolism is lightning-fast.
You like to eat raw meat.
You heal very quickly.
You are covered in fur (AC +1).
You have very tough skin (AC +2).


Message History

You kill the slime creature!
You can now tap ambient magical fields.
Your Spellcasting skill increases to level 2!
Your Transmutations skill gained 2 levels and is now at level 3!
You have reached level 8!
The shadow strikes at you from the darkness!
* * * LOW HITPOINT WARNING * * *
Reactivating autopickup.
There is a radiant altar of Vehumet, spattered with blood here.
The shadow slips into darkness.
The shadow flickers and vanishes!
Deactivating autopickup; reactivate with Ctrl-A.
There is a shimmering altar of Xom here.
There is a basalt altar of Yredelemnul here.
Unknown command.
There is an ancient bone altar of Kikubaaqudgha here.
There is a glowing golden altar of the Shining One here.
There is a glowing silver altar of Zin here.
The shadow strikes at you from the darkness!
You die...

▓.▓
▓.▓
▓)▓
▓.▓
▓.▓
▓.▓
▓.▓
▓.▓
▓@▓
▓_▓
▓_▓
▓_▓
▓Z▓
▓_▓
▓_▓
▓h▓
▓_▓


You could see a black bear and a ball python zombie.

Vanquished Creatures
  A hill giant (D)
  A slime creature (D)
  A yak (D)
  A sky beast (D)
  A centaur (D)
  A hound (D)
  An adder skeleton (D)
  An adder zombie (D)
  2 giant cockroaches (D)
  2 goblins (D)
  A ball python (D)
  2 bats (D)
  A kobold (D)
  A quokka (D)
17 creatures vanquished.

Notes
Turn   | Place    | Note
--------------------------------------------------------------
     0 | D        | Trafet the Troll Transmuter began the quest for the Orb.
     0 | D        | Reached XP level 1. HP: 18/18 MP: 1/1
    13 | D        | Reached skill level 4 in Unarmed Combat
    50 | D        | Noticed a hound
    50 | D        | Noticed a sky beast
    58 | D        | Killed a hound
    58 | D        | Reached skill level 7 in Unarmed Combat
    58 | D        | Reached XP level 2. HP: 15/26 MP: 2/2
    58 | D        | Reached XP level 3. HP: 18/32 MP: 3/3
    92 | D        | Killed a sky beast
    92 | D        | Reached skill level 10 in Unarmed Combat
    92 | D        | Reached XP level 4. HP: 6/40 MP: 4/4
    92 | D        | Reached XP level 5. HP: 6/46 MP: 5/5
   170 | D        | Found a glowing silver altar of Zin.
   170 | D        | Found a glowing golden altar of the Shining One.
   170 | D        | Found an ancient bone altar of Kikubaaqudgha.
   170 | D        | Found a basalt altar of Yredelemnul.
   170 | D        | Found a shimmering altar of Xom.
   170 | D        | Found a radiant altar of Vehumet.
   171 | D        | Found an iron altar of Okawaru.
   172 | D        | Found a burning altar of Makhleb.
   173 | D        | Found a deep blue altar of Sif Muna.
   174 | D        | Found a bloodstained altar of Trog.
   175 | D        | Found a sparkling altar of Nemelex Xobeh.
   176 | D        | Found a white marble altar of Elyvilon.
   177 | D        | Found a roughly hewn altar of Beogh.
   178 | D        | Found a viscous altar of Jiyva.
   179 | D        | Found a corrupted altar of Lugonu.
   180 | D        | Found a blossoming altar of Fedhas.
   181 | D        | Became a worshipper of Sif Muna the Loreminder
   182 | D        | Found a snail-covered altar of Cheibriados.
   183 | D        | Found a shadowy altar of Dithmenos.
   184 | D        | Found a stormy altar of Qazlal.
   185 | D        | Found an opulent altar of Gozag.
   186 | D        | Found a sacrificial altar of Ru.
   215 | D        | Noticed a centaur
   215 | D        | Noticed a yak
   215 | D        | Noticed a hill giant
   220 | D        | Killed a centaur
   220 | D        | Reached skill level 11 in Unarmed Combat
   225 | D        | Killed a yak
   225 | D        | Reached skill level 13 in Unarmed Combat
   225 | D        | Reached XP level 6. HP: 54/54 MP: 6/6
   228 | D        | Killed a hill giant
   228 | D        | Reached skill level 15 in Unarmed Combat
   228 | D        | Reached XP level 7. HP: 61/61 MP: 7/7
   278 | D        | Noticed a slime creature
   278 | D        | Noticed a shadow
   278 | D        | Noticed a black bear
   278 | D        | Noticed a cyclops
   323 | D        | Killed a slime creature
   323 | D        | Acquired Sif Muna's first power
   323 | D        | Reached XP level 8. HP: 30/68 MP: 7/10
   324 | D        | HP: 3/68 [something (28)]
   330 | D        | Annihilated by a shadow

Vault maps used:
D:        linesprint

Action                   |  1- 3 |  4- 6 |  7- 9 || total
-------------------------+-------+-------+-------++-------
Melee: Unarmed           |    47 |    10 |    18 ||    75
  Use: Potion            |     3 |     2 |       ||     5
  Eat: Chunk             |     5 |       |     1 ||     6
